 Dungeon Crawl Stone Soup version 0.28.0 (webtiles) character file.

Game seed: 13451239108248837173

3406 fragbeetle the Carver (level 9, 0/70 HPs)
             Began as a Minotaur Monk on Feb 18, 2022.
             Was an Elder of Nemelex Xobeh.
             Slain by an orc warrior (6 damage)
             ... in a bailey.
             The game lasted 00:19:37 (8944 turns).

fragbeetle the Carver (Minotaur Monk)               Turns: 8944, Time: 00:19:37

Health: 0/70       AC: 16    Str: 20    XL:     9   Next: 75%
Magic:  9/9        EV:  7    Int: 11    God:    Nemelex Xobeh [****..]
Gold:   300        SH:  5    Dex: 13    Spells: 8/8 levels left

rFire   . . .      SeeInvis .   K - +4 hand axe of the Fray {vorpal, *Slow Will++ Int+4}
rCold   . . .      Faith    .   f - +0 buckler
rNeg    . . .      Spirit   .   G - +1 plate armour {Will+}
rPois   +          Reflect  .   (helmet restricted)
rElec   .          Harm     .   n - +0 cloak
rCorr   .          Rampage  .   q - +0 pair of gloves
Will    ++++.                   (no boots)
Stlth   ..........              (no amulet)
HPRegen 0.21/turn               r - ring of willpower
MPRegen 0.11/turn               E - ring of poison resistance

@: no status effects
A: horns 2, retaliatory headbutt
a: Renounce Religion, Draw Escape, Draw Destruction, Draw Summoning, Triple
Draw, Deal Four


You were in a bailey.
You worshipped Nemelex Xobeh.
Nemelex Xobeh was greatly pleased with you.
You visited 1 branch of the dungeon, and saw 8 of its levels.
You also visited: Bailey.

You collected 333 gold pieces.
You spent 33 gold pieces at shops.

Inventory:

Hand Weapons
 a - a +1 falchion
 b - a +2 hunting sling of freezing
 v - a +1 dagger of draining
 A - a +1 vorpal flail
 K - the +4 hand axe of the Fray (weapon) {vorpal, *Slow Will++ Int+4}
   (You found it on level 8 of the Dungeon)

   It inflicts extra damage upon your enemies.
   Int:       It affects your intelligence (+4).
   *Slow:     It may slow you when you take damage.
   Will:      It greatly increases your willpower.
Missiles
 c - 129 arrows
 g - 55 sling bullets
 l - a throwing net (quivered)
 B - 11 boomerangs
 H - a poisoned dart
Armour
 f - a +0 buckler (worn)
 n - a +0 cloak (worn)
 q - a +0 pair of gloves (worn)
 x - +0 acid dragon scales
 D - the +0 tower shield "Luih Ciliom" {rF++ rCorr Dex-4 Stlth+}
   (You found it on level 7 of the Dungeon)

   Dex:       It affects your dexterity (-4).
   rF:        It greatly protects you from fire.
   rCorr:     It protects you from acid and corrosion.
   Stlth:     It makes you more stealthy.
 G - a +1 plate armour of willpower (worn)
Jewellery
 r - a ring of willpower (left hand)
 E - a ring of poison resistance (right hand)
Wands
 y - a wand of iceblast (5)
 z - a wand of paralysis (12)
Scrolls
 e - 4 scrolls of identify {unknown}
 h - 7 scrolls of teleportation
 i - 4 scrolls of enchant weapon
 j - 2 scrolls of fog {unknown}
 k - 2 scrolls of immolation {unknown}
 m - 2 scrolls of enchant armour {unknown}
 t - 2 scrolls of torment {unknown}
 C - a scroll of magic mapping {unknown}
 F - a scroll of summoning {unknown}
 J - a scroll of amnesia {unknown}
Potions
 d - 2 potions of haste {unknown}
 o - 2 potions of flight {unknown}
 p - 2 potions of curing {unknown}
 s - a potion of lignification {unknown}
 u - 2 potions of might {unknown}
 w - a potion of ambrosia {unknown}
 I - a potion of brilliance {unknown}


   Skills:
 - Level 3.6 Fighting
 - Level 14.0 Long Blades
 + Level 6.0 Armour
 - Level 3.2 Dodging
 - Level 1.5 Stealth
 + Level 6.0 Shields
 + Level 2.5 Invocations


You had 8 spell levels left.
You didn't know any spells.
Your spell library contained the following spells:

 Spells                   Type           Power      Damage    Failure   Level
 Summon Small Mammal      Summ           0%         N/A       100%        1
 Call Canine Familiar     Summ           0%         N/A       100%        3
 Summon Guardian Golem    Hex/Summ       0%         N/A       100%        3
 Anguish                  Hex/Necr       0%         N/A       100%        4
 Fulminant Prism          Conj/Hex       0%         3d6       100%        4
 Petrify                  Tmut/Erth      0%         N/A       100%        4
 Dragon Form              Tmut           0%         N/A       100%        7


Dungeon Overview and Level Annotations

Branches:
Dungeon (8/15)             Temple (0/1) D:5          Bailey (1/1)
   Lair: D:8-11

Altars:
Elyvilon
Kikubaaqudgha
Makhleb
Nemelex Xobeh
Trog
Yredelemnul
Zin

Shops:
D:2 *   D:3 [   D:8 (=

Annotations:
D:5 1 exclusion
D:6 exclusion: boulder beetle


Innate Abilities, Weirdness & Mutations

You have a pair of horns on your head.
You reflexively headbutt those who attack you in melee.


Message History

You hear mighty peals of thunder!
You feel yourself speed up.
You hear a shout!
You hear a croak.
You hear a loud, deep croak! x2
You hear a shout!
You hear a croak.
You hear a loud, deep croak! x2
You hear a shout!
Your Armour skill increases to level 6!
Your Shields skill increases to level 6!
Unknown command.
There is an empty arch of ancient stone here.
An orc warrior comes into view. It is wielding a +0 hand axe.
An orc warrior is nearby!
There is an empty arch of ancient stone here.
Okay, then.
Throw: 2 darts (poison)
Press: ? - help, Shift-Dir - straight line, f - orc warrior
Aim: an orc warrior, wielding a +0 hand axe and wearing a +0 ring mail (50% to hit)
You throw a poisoned dart. The poisoned dart hits the orc warrior.
The orc warrior is poisoned.
Throw: 11 boomerangs
Press: ? - help, Shift-Dir - straight line, f/p - orc warrior
Aim: an orc warrior, wielding a +0 hand axe and wearing a +0 ring mail (poisoned, 50% to hit)
You throw a boomerang.
The boomerang hits the orc warrior but does no damage.
You closely miss the orc warrior.
The orc warrior is lightly wounded.
The orc warrior barely misses you.
You barely miss the orc warrior. Your headbutt misses the orc warrior.
The orc warrior is lightly wounded.
You block the orc warrior's attack.
The orc warrior hits you with a +0 hand axe.
* * * LOW HITPOINT WARNING * * *
You hit the orc warrior.
The orc warrior is moderately wounded.
The orc warrior hits you with a +0 hand axe.
* * * LOW HITPOINT WARNING * * *
Okay, then.
You draw a card...
You have drawn the Cloud.
Clouds appear around you!
The orc warrior hits you with a +0 hand axe.
You die...
Your body glows with a rainbow of weird colours and disappears.

##### ##...##
+§§∩..#
######§o@..#
#.).)'§§∩..#
#.....(##...##
#...... #####
######. ##


You could see an orc warrior (poisoned).

Vanquished Creatures
  2 humans (Bailey)
  2 acid dragons
  4 water moccasins
  2 ice beasts (D:7)
  3 orc warriors
  A necrophage (D:6)
  An ogre (D:7)
  4 centaurs (D:8)
  A phantom (D:5)
  A kobold brigand (D:6)
  A bullfrog (D:7)
  7 scorpions
  2 killer bees (D:8)
  A jelly (D:8)
  A gnoll shaman (D:7)
  3 centaur skeletons
  A centaur zombie (D:5)
  3 orc priests
  A hound (D:7)
  4 iguanas
  An orc wizard (D:5)
  A killer bee zombie (D:7)
  A hound skeleton (D:5)
  14 gnolls
  4 adders (D:4)
  2 shadow imps
  2 worms
  3 dart slugs
  25 orcs
  5 endoplasms
  9 giant cockroaches
  6 goblins
  7 hobgoblins
  2 jackals (D:4)
  16 kobolds
  2 quokkas
  6 ball pythons
  10 bats
  4 frilled lizards
  10 rats
175 creatures vanquished.

Vanquished Creatures (collateral kills)
  2 killer bees (D:8)
2 creatures vanquished.

Vanquished Creatures (others)
  A centaur (D:5)
  An adder (D:5)
  11 fungi (D:4)
  3 plants
16 creatures vanquished.

Grand Total: 193 creatures vanquished

Notes
Turn   | Place    | Note
-------+----------+-------------------------------------------
     0 | D:1      | fragbeetle the Minotaur Monk began the quest for the Orb.
     0 | D:1      | Reached XP level 1. HP: 19/19 MP: 0/0
    47 | D:1      | Reached skill level 4 in Long Blades
   397 | D:1      | Reached XP level 2. HP: 25/26 MP: 1/1
   799 | D:1      | Got the Volume of Bewitchment and Transmutation
   825 | D:1      | Reached skill level 5 in Long Blades
   825 | D:1      | Reached XP level 3. HP: 24/31 MP: 2/2
  1477 | D:2      | Found Rycuuhuv's General Store.
  1493 | D:2      | Bought a scroll of teleportation for 33 gold pieces
  1926 | D:2      | Reached skill level 6 in Long Blades
  1926 | D:2      | Reached XP level 4. HP: 39/39 MP: 3/3
  2262 | D:2      | Reached skill level 7 in Long Blades
  2262 | D:2      | Reached XP level 5. HP: 33/45 MP: 4/4
  3245 | D:3      | Found Qehe's Antique Armour Emporium.
  3299 | D:3      | Found a faded altar of an unknown god.
  3567 | D:3      | Prayed at the altar of an unknown god.
  3567 | D:3      | Became a worshipper of Nemelex Xobeh the Trickster
  3567 | D:3      | Reached * piety under Nemelex Xobeh
  3567 | D:3      | Received a gift from Nemelex Xobeh
  3567 | D:3      | Reached ** piety under Nemelex Xobeh
  3567 | D:3      | Received a gift from Nemelex Xobeh
  3737 | D:4      | Reached *** piety under Nemelex Xobeh
  3826 | D:4      | Found a bloodstained altar of Trog.
  3856 | D:4      | Reached skill level 8 in Long Blades
  3905 | D:4      | Reached XP level 6. HP: 44/51 MP: 5/5
  4223 | D:4      | Received a gift from Nemelex Xobeh
  4246 | D:4      | Reached skill level 9 in Long Blades
  4566 | D:4      | Reached XP level 7. HP: 43/57 MP: 6/6
  4886 | D:5      | Entered Level 5 of the Dungeon
  4940 | D:5      | Reached skill level 10 in Long Blades
  4947 | D:5      | Found a basalt altar of Yredelemnul.
  5014 | D:5      | Found a white marble altar of Elyvilon.
  5142 | D:5      | Found a staircase to the Ecumenical Temple.
  5764 | D:5      | Reached skill level 11 in Long Blades
  6137 | D:5      | Reached XP level 8. HP: 50/64 MP: 7/7
  6243 | D:5      | Reached skill level 12 in Long Blades
  6601 | D:6      | Received a gift from Nemelex Xobeh
  6628 | D:6      | Found an ancient bone altar of Kikubaaqudgha.
  6663 | D:6      | Found a burning altar of Makhleb.
  6737 | D:6      | Reached skill level 13 in Long Blades
  6827 | D:6      | Noticed a boulder beetle
  7113 | D:6      | Reached skill level 14 in Long Blades
  7334 | D:6      | Received a gift from Nemelex Xobeh
  7334 | D:6      | Reached **** piety under Nemelex Xobeh
  7340 | D:6      | Found a glowing silver altar of Zin.
  7705 | D:7      | Reached skill level 1 in Armour
  7705 | D:7      | Reached skill level 1 in Shields
  7716 | D:7      | Identified the +0 tower shield "Luih Ciliom" {rF++ rCorr
                  | Dex-4 Stlth+}
  7744 | D:7      | Reached XP level 9. HP: 70/70 MP: 8/8
  8174 | D:7      | Noticed a two-headed ogre
  8354 | D:8      | Found Zidietish's Antique Weapon Boutique.
  8368 | D:8      | Received a gift from Nemelex Xobeh
  8392 | D:8      | Found Omet's Jewellery Shop.
  8440 | D:8      | Reached skill level 5 in Armour
  8440 | D:8      | Reached skill level 5 in Shields
  8475 | D:8      | Reached skill level 1 in Invocations
  8708 | D:8      | Found a flagged portal.
  8733 | D:8      | Identified the +4 hand axe of the Fray {vorpal, *Slow
                  | Will++ Int+4}
  8794 | Bailey   | Entered a bailey
  8944 | Bailey   | Slain by an orc warrior

Illustrated notes

Levels and vault maps discovered:
D:1:      heliophobic_arrival_dark_side_of_the_moon, layout_basic,
          nicolae_grassy_gnolls
D:2:      layout_basic, serial_shops, nicolae_square_shop, kennysheep_crisscross
D:3:      layout_loops_ring, serial_shops, nicolae_lakefront_shop,
          shapermc_ecumenical_altar_acropolis
D:4:      old_forge, layout_loops_cross, lemuel_doored_altar, minivault_19,
          minivault_27
D:5:      cheibrodos_two_vegetables, layout_basic, kennysheep_ying_yang,
          temple_pool_b, minmay_misc_feat_nine_boxes, lemuel_flamethrower_2
D:6:      layout_basic, zin_statuary, mainiacjoe_overflow_large_starburst
D:7:      kennysheep_windowed_halls, layout_basic,
          gammafunk_temple_overflow_arena, uniq_crazy_yiuf_cottage,
          uniq_menkaure
D:8:      layout_cave_pools, nicolae_overflow_crystal_walls,
          nicolae_ru_the_path_less_chosen, enter_bailey_2, serial_shops,
          nicolae_square_shop, shop, kennysheep_generic_room_15
Bailey:   bailey_axe_froggy_fort_hellmonk, bailey

Skill      XL: |  1  2  3  4  5  6  7  8  9 |
---------------+----------------------------+-----
Long Blades    | 4 5 6 7 8 9 11 14 | 14.0
Armour         | 1 6 |  6.0
Shields        | 1 6 |  6.0
Invocations    | 2 |  2.5
Fighting       | |  3.6
Dodging        | |  3.2
Stealth        | |  1.5

Action                   |  1- 3 |  4- 6 |  7- 9 || total
-------------------------+-------+-------+-------++-------
Melee: Falchion          |    62 |   121 |   244 ||   427
       Headbutt          |     6 |    16 |    47 ||    69
       Hand axe          |       |       |    25 ||    25
 Fire: Hunting sling     |    22 |    44 |    82 ||   148
Throw: Dart              |       |       |     1 ||     1
       Boomerang         |       |       |     1 ||     1
Invok: Draw Destruction  |       |     2 |     6 ||     8
       Draw Escape       |       |       |     1 ||     1
       Draw Summoning    |       |       |     1 ||     1
  Use: Scroll            |       |       |     1 ||     1
 Stab: Sleeping          |     1 |     1 |       ||     2
Armor: Robe              |    14 |     3 |       ||    17
       Leather armour    |       |    23 |     7 ||    30
       Acid dragon scale |       |       |    39 ||    39
       Plate armour      |       |       |    62 ||    62
Dodge: Dodged            |    41 |    93 |   112 ||   246
Block: Buckler           |       |    18 |    55 ||    73
